AoeStats
← albanplumed

African Clearing

504612452Analyzed
4v4 RM · 25d ago on Sep 5, 2026· 48m 5s· 8 players
Game mode
Random Map
Map size
Large (8 player)
Population
200
Speed
Normal
Resources
Standard
Victory
Conquest
Starting age
Dark Age
Ending age
Imperial Age
RankedLock teamsTeams togetherTeam positionsShared explorationLock speedFull tech treeHidden civsTurbo modeCheats
Victory
Defeat
🇵🇪 Koreans · Peru
1465
+11
1325
+17
🇲🇽 Cumans · Mexico
1318
+17
🇲🇽 Vietnamese · Mexico
1216
+21
🇹🇷 Huns · Türkiye
1395
-19
🇹🇷 Berbers · Türkiye
1389
-18
🇹🇷 Vietnamese · Türkiye
1323
-16
🇹🇷 Spanish · Türkiye
1265
-13
JAGR_Soyuncacahuate
13:52 Feudal Age
15:43 Loom
19:33 Wheelbarrow
18:48 Double-Bit Axe
18:44 Horse Collar
24:46 Castle Age
23:20 Gold Mining
23:23 Stone Mining
23:26 Fletching
23:42 Scale Barding Armor
26:21 Bloodlines
27:19 Bodkin Arrow
29:08 Heavy Plow
29:20 Bow Saw
30:02 Chain Barding Armor
30:17 Forging
30:38 Hand Cart
34:37 Ballistics
38:47 Imperial Age
39:01 Elite Steppe Lancer
42:08 Plate Barding Armor
43:12 Iron Casting
45:45 Blast Furnace
JAGR | CIHUACOATL
4:18 Loom
13:24 Feudal Age
17:51 Castle Age
15:42 Double-Bit Axe
17:25 Fletching
34:26 Forging
34:16 Scale Mail Armor
35:12 Bodkin Arrow
35:18 Padded Archer Armor
39:38 Gold Mining
40:52 Wheelbarrow
40:03 Town Watch
45:08 Imperial Age
43:29 Murder Holes
44:11 Hand Cart
45:19 Leather Archer Armor
47:21 Chemistry
46:52 Elite Skirmisher
JAGR | TheButterfly_Effect
3:05 Loom
12:28 Feudal Age
16:35 Castle Age
16:03 Double-Bit Axe
16:58 Fletching
20:55 Horse Collar
21:24 Town Watch
23:09 Wheelbarrow
25:49 Bodkin Arrow
27:20 Gold Mining
28:02 Padded Archer Armor
29:28 Ballistics
30:36 Thumb Ring
33:37 Hand Cart
38:05 Imperial Age
38:09 Heavy Cavalry Archer
38:51 Bracer
40:23 Chemistry
40:01 Leather Archer Armor
40:26 Scale Mail Armor
40:48 Pikeman
41:34 Squires
41:42 Elite Fire Lancer
43:31 Chain Mail Armor
44:35 Conscription
45:26 Plate Mail Armor
45:09 Capped Ram
46:26 Siege Ram
JAGR | Rojnar
6:02 Loom
11:53 Feudal Age
13:14 Double-Bit Axe
17:49 Fletching
32:30 Castle Age
31:54 Gold Mining
33:09 Crossbowman
37:13 Bodkin Arrow
38:54 Bow Saw
38:26 Horse Collar
39:19 Ballistics
47:18 Gold Shaft Mining
ysk
4:13 Loom
14:52 Feudal Age
19:31 Castle Age
17:40 Double-Bit Axe
OsmanAbi
4:00 Loom
13:30 Feudal Age
17:34 Castle Age
17:31 Fletching
19:46 Padded Archer Armor
24:03 Double-Bit Axe
31:56 Ballistics
32:23 Wheelbarrow
31:34 Town Watch
33:01 Husbandry
33:40 Horse Collar
34:46 Bodkin Arrow
37:22 Bloodlines
38:10 Scale Mail Armor
38:18 Scale Barding Armor
40:11 Chain Barding Armor
40:20 Bow Saw
40:18 Heavy Plow
42:10 Forging
46:12 Imperial Age
45:11 Iron Casting
45:46 Gold Mining
46:18 Cavalier
47:35 Plate Barding Armor
albanplumed
9:15 Loom
14:42 Feudal Age
21:51 Castle Age
23:12 Crossbowman
27:01 Fletching
28:05 Elite Skirmisher
30:17 Padded Archer Armor
32:15 Wheelbarrow
34:55 Horse Collar
37:04 Town Watch
38:20 Ballistics
37:57 Bodkin Arrow
38:18 Leather Archer Armor
46:11 Imperial Age
44:15 Thumb Ring
45:41 Hand Cart
45:51 Husbandry
46:24 Bloodlines
Sem
7:52 Loom
8:12 Loom
13:57 Feudal Age
14:39 Double-Bit Axe
18:00 Castle Age
21:17 Scale Barding Armor
30:44 Fletching
32:35 Horse Collar
37:28 Heavy Plow
40:12 Bodkin Arrow
40:18 Padded Archer Armor
42:12 Chain Barding Armor
44:46 Ballistics
45:07 Padded Archer Armor
Connection lost

Rejoining the realm…

Still unreachable

The connection could not be restored.

Session expired

The server has moved on; the page needs a fresh start.